 Dungeon Crawl Stone Soup version 0.30.1-9-gdf580d7c3d (webtiles) character file.

Game seed: 14856986260876775739

89182 bearlyready the Brawler (level 15, -23/158 HPs)
             Began as a Troll Berserker on Oct 12, 2023.
             Was a High Priest of Trog.
             Killed from afar by Frances (34 damage)
             ... with an iron shot
             ... on level 1 of the Spider Nest.
             The game lasted 00:43:53 (17222 turns).

bearlyready the Brawler (Troll Berserker)          Turns: 17222, Time: 00:43:53

Health: -23/158    AC: 13    Str: 35    XL:     15   Next: 48%
Magic:  14/14      EV:  9    Int:  3    God:    Trog [*****.]
Gold:   615        SH:  0    Dex:  9    Spells: 14/14 levels left

rFire   . .          .
                       - Unarmed
rCold   . . .        U - orb {light}
rNeg    . . .        N - +0 acid dragon scales
rPois   +            W - +1 hat
rElec   +            n - +2 cloak "Cagofoi" {rElec rCorr}
rCorr   +            (gloves unavailable)
SInv    .            (boots unavailable)
Will    +....        R - amulet of regeneration Stlth
                     k - +4 ring of slaying
HPRegen 2.06/turn    H - ring of poison resistance
MPRegen 0.14/turn

%: no passive effects
@: confused, spiked, glowing, studying Throwing
A: large, unfitting armour, claws 3, regeneration 1, shaggy fur 1, tough skin 1
a: Renounce Religion, Berserk, Trog's Hand, Brothers in Arms


You were on level 1 of the Spider Nest.
You worshipped Trog.
Trog was extremely pleased with you.
You visited 4 branches of the dungeon, and saw 22 of its levels.
You also visited: Gauntlet.

You collected 1931 gold pieces.
You spent 1316 gold pieces at shops.

Inventory:

Missiles
 h - 30 poisoned darts (quivered)
 m - 24 large rocks
 B - 2 curare-tipped darts
 D - 26 javelins
 P - 8 boomerangs
 V - 2 throwing nets
Armour
 n - the +2 cloak "Cagofoi" (worn) {rElec rCorr}
   (You found it in a Gauntlet)

   rElec:     It insulates you from electricity.
   rCorr:     It protects you from acid and corrosion.
 E - a scarf of resistance
 N - +0 acid dragon scales (worn)
 Q - a +2 kite shield of reflection
 U - an orb of light (worn)
 W - a +1 hat (worn)
Jewellery
 k - a +4 ring of slaying (left claw)
 H - a ring of poison resistance (right claw)
 K - a ring of protection from fire
 R - an amulet of regeneration (around neck)
Wands
 e - a wand of digging (4)
 r - a wand of acid (1)
 v - a wand of roots (29)
 x - a wand of charming (30)
 S - a wand of flame (5)
 T - a wand of mindburst (1)
Scrolls
 d - a scroll of summoning
 f - 2 scrolls of silence
 g - 6 scrolls of teleportation
 i - 2 scrolls of fear
 j - 6 scrolls of enchant weapon
 q - a scroll of magic mapping
 t - 8 scrolls of identify
 u - a scroll of blinking
 w - 4 scrolls of poison
 y - 5 scrolls of immolation
 A - 2 scrolls of torment
 Z - 2 scrolls of enchant armour
Potions
 b - 2 potions of flight
 c - a potion of berserk rage
 l - 4 potions of magic
 o - 3 potions of invisibility
 p - 3 potions of ambrosia
 s - 5 potions of mutation
 z - 6 potions of curing
 C - 4 potions of haste
 G - 2 potions of lignification
 I - 3 potions of might
 J - a potion of attraction
 X - 3 potions of heal wounds
 Y - a potion of resistance
Miscellaneous
 a - a condenser vane
 F - a phantom mirror
 L - a piece from Xom's chessboard (15/15)
 M - a phial of floods
 O - a lightning rod (4/4)


   Skills:
 + Level 12.7 Fighting
 + Level 10.3 Throwing
 - Level 4.0 Armour
 + Level 2.4 Dodging
 + Level 20.1 Unarmed Combat
 + Level 4.9 Evocations


You had 14 spell levels left.
You didn't know any spells.
Your spell library was empty.

Dungeon Overview and Level Annotations

Branches:
Dungeon (15/15)            Temple (0/1) D:6            Lair (5/5) D:11
 Shoals (0/4) Lair:2       Spider (1/4) Lair:3        Slime (0/5) Lair:4
    Orc (1/2) D:10         Vaults (0/5) D:13        Gauntlet (visited)
 Depths: D:15

Altars:
Ashenzari
Cheibriados
Dithmenos
Elyvilon
Hepliaklqana
Makhleb
Nemelex Xobeh
Qazlal
Ru
Trog
Vehumet
Xom
Jiyva

Shops:
D:8 =   D:12 =!==:

Annotations:
D:7 2 transporters
Lair:3 2 transporters
Spider:1 Frances


Innate Abilities, Weirdness & Mutations

You are too large for most types of armour.
You have claws for hands.
Your natural rate of healing is unusually fast.
You are covered in fur. (AC +1)
You have tough skin. (AC +1)


Message History

The tarantella touches you.
The jumping spider leaps!
Frances hits you from afar with a +0 glaive!!
The tarantella touches you!
The jumping spider leaps!
The tarantella touches you.
There is a crawl-hole back to the Lair, spattered with blood here.
Frances barely misses you. The tarantella touches you!
You are more confused.
The tarantella barely misses you.
Frances screams a word of power!
The shard of ice misses you.
The shard of ice misses the tarantella.
The tarantella closely misses you. The tarantella touches you.
You are more confused.
In your confused state, you trip and fall back down the stairs.
The sixfirhy hits you. The sixfirhy shocks you. You resist.
Frances hits you but does no damage.
The jumping spider pounces on you but does no damage.
The jumping spider bites you. The tarantella touches you!
* * * LOW HITPOINT WARNING * * *
You are more confused.
The tarantella barely misses you. The sixfirhy barely misses you.
You feel better.
The sixfirhy hits you but does no damage. x2
Frances mutters in a terrible tongue.
The jumping spider pounces on you.
* * * LOW HITPOINT WARNING * * *
The jumping spider bites you but does no damage.
The tarantella touches you but does no damage.
The tarantella touches you!
* * * LOW HITPOINT WARNING * * *
You are confused.
The tarantella touches you!
* * * LOW HITPOINT WARNING * * *
You are more confused.
The sixfirhy hits you but does no damage.
The red devil hits you from afar with a +0 trident!
* * * LOW HITPOINT WARNING * * *
Barbed spikes become lodged in your body.
Frances whispers indecipherable words.
The iron shot hits you!!
You die...

.../.#. #.#....
.......##
.^......#### .
....s....#
#..#.......#
#.....sss..##
....).†@.4..#
......s3.@.....
#.[.......3....
##.......#.....
.......#.......
....^.. .......
....^.. ... ...
....... .##....


You could see Frances (fast), a sun demon (summoned), an orb spider, a sixfirhy
(summoned), a jumping spider, a red devil (summoned) and 3 tarantellas.

Vanquished Creatures
  Gastronok (D:11)
  A very ugly thing (D:15)
  Nessos (D:12)
  A minotaur (Gauntlet)
  A great orb of eyes (D:15)
  2 catoblepae
  2 hydras
  Harold (D:11)
  7 centaur warriors
  A merfolk avatar (Lair:5)
  An ogre mage (D:14)
  4 two-headed ogres
  2 boulder beetles
  2 dancing weapons (D:13)
  A tengu warrior (D:12)
  10 death yaks
  Urug (Orc:1)
  A wretched star (Gauntlet)
  A fire crab (Lair:5)
  7 skysharks
  2 sea snakes (Lair:5)
  A lindwurm (Lair:5)
  5 deep elf pyromancers
  A steelbarb worm (Spider:1)
  16 ugly things
  5 harpies
  4 manticores
  8 elephants
  4 cyclopes
  Maurice (D:9)
  A merfolk siren (Lair:2)
  Joseph (D:10)
  5 black mambas
  A torpor snail (Lair:4)
  2 slime creatures (D:13)
  2 smoke demons (Gauntlet)
  A gargoyle (D:13)
  A minotaur zombie (Gauntlet)
  4 rime drakes
  An unseen horror (D:10)
  10 cane toads
  Maggie (D:7)
  2 efreet (D:14)
  5 tengu conjurers
  A kobold demonologist (D:11)
  A red devil (Gauntlet)
  6 komodo dragons
  3 trolls
  5 meliai
  A hornet (D:9)
  4 polar bears
  5 dream sheep (Lair:3)
  11 blink frogs
  2 shadows (D:11)
  A vampire (D:14)
  A wraith (D:10)
  A water elemental (D:11)
  2 wyverns
  59 yaks
  5 basilisks
  A chaos spawn (Gauntlet)
  A neqoxec (Gauntlet)
  3 vampire mosquitoes (D:9)
  2 steam dragons
  7 acid dragons
  3 large abominations (Gauntlet)
  12 water moccasins
  5 ogres
  2 black bears
  2 ice beasts (D:6)
  6 orc warriors
  21 centaurs
  20 wolves
  4 phantoms
  3 kobold brigands
  13 bullfrogs
  4 scorpions
  2 gnoll sergeants
  A water moccasin zombie (D:5)
  4 wights (D:9)
  2 water moccasin skeletons (D:5)
  11 killer bees
  6 small abominations (Gauntlet)
  5 electric eels
  8 howler monkeys
  7 crimson imps (Gauntlet)
  A centaur zombie (D:5)
  2 bullfrog zombies (D:5)
  A jelly (D:6)
  5 hounds (D:11)
  A bullfrog skeleton (D:5)
  5 orc priests
  3 gnoll boudas
  2 centaur skeletons (D:5)
  A sleepcap (D:5)
  2 iguanas (D:6)
  Natasha (thrice) (D:3)
  18 orc wizards
  A killer bee zombie (D:5)
  30 gnolls
  10 adders
  2 shadow imps (D:7)
  2 white imps (D:5)
  2 worms (D:3)
  2 dart slugs
  40 orcs
  9 ball pythons
  9 endoplasms
  2 giant cockroaches (D:1)
  7 goblins
  4 hobgoblins
  7 jackals
  A quokka (D:4)
  5 bats
  3 frilled lizards
  15 kobolds
  3 rats
593 creatures vanquished.

Vanquished Creatures (collateral kills)
  2 hydras (Lair:4)
  A blink frog (Lair:5)
  An electric eel (D:10)
4 creatures vanquished.

Vanquished Creatures (others)
  A water elemental (D:14)
1 creature vanquished.

Grand Total: 598 creatures vanquished

Notes
Turn   | Place    | Note
-------+----------+-------------------------------------------
     0 | D:1      | bearlyready the Troll Berserker began the quest for the
                  | Orb.
     0 | D:1      | Reached XP level 1. HP: 22/22 MP: 0/0
   206 | D:1      | Reached XP level 2. HP: 29/29 MP: 1/1
   670 | D:2      | Reached skill level 4 in Unarmed Combat
   673 | D:2      | Reached XP level 3. HP: 36/36 MP: 2/2
   849 | D:2      | Reached XP level 4. HP: 44/44 MP: 3/3
   887 | D:2      | Reached skill level 5 in Unarmed Combat
  1116 | D:3      | Noticed Natasha
  1122 | D:3      | Killed Natasha
  1148 | D:3      | Noticed Natasha
  1154 | D:3      | Killed Natasha
  1154 | D:3      | Reached ** piety under Trog
  1155 | D:3      | Reached XP level 5. HP: 50/50 MP: 4/4
  1165 | D:3      | Noticed Natasha
  1170 | D:3      | Killed Natasha
  1171 | D:3      | Reached skill level 6 in Unarmed Combat
  1187 | D:3      | Identified the +0 ring mail of Kivocez {Str+5 Int-2}
  1630 | D:4      | Noticed a phantom
  1654 | D:4      | Killed a phantom
  1655 | D:4      | Reached skill level 7 in Unarmed Combat
  1655 | D:4      | Reached XP level 6. HP: 59/59 MP: 5/5
  1788 | D:4      | Found a hazy altar of Hepliaklqana.
  1801 | D:4      | Reached skill level 8 in Unarmed Combat
  1833 | D:4      | Reached XP level 7. HP: 66/66 MP: 6/6
  2146 | D:4      | Reached skill level 9 in Unarmed Combat
  2267 | D:4      | Reached *** piety under Trog
  2381 | D:5      | Entered Level 5 of the Dungeon
  2381 | D:5      | Found a snail-covered altar of Cheibriados.
  2442 | D:5      | Found a bloodstained altar of Trog.
  2443 | D:5      | Found a sacrificial altar of Ru.
  2539 | D:5      | Found a large runed translucent door.
  2541 | D:5      | Found a large runed translucent door.
  2722 | D:5      | Reached XP level 8. HP: 73/74 MP: 7/7
  2726 | D:5      | Reached skill level 10 in Unarmed Combat
  2946 | D:5      | Reached skill level 11 in Unarmed Combat
  2950 | D:5      | Reached **** piety under Trog
  3041 | D:5      | Found a sparkling altar of Nemelex Xobeh.
  3192 | D:5      | Found a shimmering altar of Xom.
  3351 | D:6      | Reached skill level 12 in Unarmed Combat
  3415 | D:6      | Reached XP level 9. HP: 80/80 MP: 8/8
  3429 | D:6      | Found a staircase to the Ecumenical Temple.
  4285 | D:7      | Found a transporter.
  4291 | D:7      | Noticed Maggie
  4302 | D:7      | Killed Maggie
  4303 | D:7      | Reached skill level 13 in Unarmed Combat
  4334 | D:7      | Found a transporter.
  4621 | D:7      | Noticed a kobold demonologist
  4621 | D:7      | Noticed a kobold demonologist
  5316 | D:8      | Found a stormy altar of Qazlal.
  5356 | D:8      | Reached skill level 14 in Unarmed Combat
  5395 | D:8      | Found Geadoo's Jewellery Boutique.
  5557 | D:9      | Found a radiant altar of Vehumet.
  5557 | D:9      | Found a snail-covered altar of Cheibriados.
  5557 | D:9      | Found a shimmering altar of Xom.
  5557 | D:9      | Found a shadowy altar of Dithmenos.
  5585 | D:9      | Reached XP level 10. HP: 83/88 MP: 9/9
  5650 | D:9      | Reached ***** piety under Trog
  5721 | D:9      | Noticed a centaur warrior
  5728 | D:9      | Reached skill level 1 in Throwing
  5731 | D:9      | Noticed a deep elf pyromancer
  5732 | D:9      | Killed a centaur warrior
  5735 | D:9      | Killed a deep elf pyromancer
  5735 | D:9      | Noticed a two-headed ogre
  5793 | D:9      | Reached skill level 15 in Unarmed Combat
  5960 | D:9      | Killed a two-headed ogre
  6049 | D:9      | Noticed Maurice
  6055 | D:9      | Killed Maurice
  6098 | D:9      | Reached XP level 11. HP: 92/101 MP: 10/10
  6100 | D:9      | Reached skill level 5 in Fighting
  6504 | D:9      | Found a burning altar of Makhleb.
  6688 | D:9      | Reached skill level 5 in Throwing
  6694 | D:9      | Received a gift from Trog
  6818 | D:9      | Reached skill level 1 in Evocations
  6853 | D:9      | Noticed a two-headed ogre
  6861 | D:9      | Killed a two-headed ogre
  6913 | D:10     | Entered Level 10 of the Dungeon
  6913 | D:10     | Found a staircase to the Orcish Mines.
  7084 | D:10     | Noticed Joseph
  7093 | D:10     | Killed Joseph
  7376 | D:10     | Noticed a centaur warrior
  7450 | D:10     | Killed a centaur warrior
  7507 | D:10     | Noticed a two-headed ogre
  7524 | D:10     | Killed a two-headed ogre
  7554 | D:10     | Found a white marble altar of Elyvilon.
  7667 | D:10     | Found a broken altar of Ashenzari.
  8008 | Orc:1    | Entered Level 1 of the Orcish Mines
  8008 | Orc:1    | Noticed Urug
  8016 | Orc:1    | Killed Urug
  8069 | D:11     | Reached skill level 16 in Unarmed Combat
  8139 | D:11     | Found a staircase to the Lair.
  8179 | D:11     | Reached XP level 12. HP: 83/115 MP: 11/11
  8272 | D:11     | Noticed Harold
  8286 | D:11     | Killed Harold
  8346 | D:11     | Noticed Gastronok
  8357 | D:11     | Killed Gastronok
  8381 | D:11     | You fall into a shaft and drop 1 floor!
  8460 | D:12     | Found Zit Yrum's Distillery.
  8464 | D:12     | Found Osaen's Jewellery Boutique.
  8477 | D:12     | Bought a potion of heal wounds for 70 gold pieces
  8477 | D:12     | Bought a potion of curing for 42 gold pieces
  8477 | D:12     | Bought a potion of mutation for 112 gold pieces
  8497 | D:12     | Found Noginkyd's Book Emporium.
  8498 | D:12     | Noticed Nessos
  8505 | D:12     | Killed Nessos
  8528 | D:12     | Noticed a boulder beetle
  8550 | D:12     | Killed a boulder beetle
  8603 | D:12     | Identified the +6 hand axe "Hiagybe" {heavy, Contam +Blink
                  | rCorr Str+6}
  8683 | D:12     | Noticed a tengu warrior
  8704 | D:12     | Killed a tengu warrior
  8802 | D:12     | Found Vuasul's Jewellery Boutique.
  8806 | D:12     | Found Saidd's Jewellery Boutique.
  9146 | D:12     | Noticed a catoblepas
  9163 | D:12     | HP: 2/119 [catoblepas (26)]
  9333 | D:12     | Killed a catoblepas
  9334 | D:12     | Reached skill level 17 in Unarmed Combat
  9622 | Lair:1   | Entered Level 1 of the Lair of Beasts
  9622 | Lair:1   | Found the +7 Kryia's mail coat {PotionHeal*2 rC+}
  9802 | Lair:1   | Reached XP level 13. HP: 120/130 MP: 12/12
 10282 | Lair:2   | Identified the +10 great sword of the Asp {flame, Dex+6}
                  | (Trog gifted it to you on level 2 of the Lair of Beasts)
 10282 | Lair:2   | Received a gift from Trog
 10668 | Lair:2   | Identified the +2 scimitar of Spite {speed, *Slow rPois rC+
                  | rN+}
 10761 | Lair:2   | Found a staircase to the Shoals.
 11401 | Lair:3   | Found a transporter.
 11433 | Lair:3   | Reached skill level 18 in Unarmed Combat
 11439 | Lair:3   | Found a hole to the Spider Nest.
 11583 | Lair:3   | Found a transporter.
 11959 | Lair:4   | Reached skill level 10 in Fighting
 12094 | Lair:4   | Found a gate leading to a gauntlet.
 12106 | Gauntlet | Entered a Gauntlet
 12106 | Gauntlet | Found a transporter.
 12124 | Gauntlet | Found a transporter.
 12125 | Gauntlet | Found a transporter.
 12132 | Gauntlet | Found a transporter.
 12136 | Gauntlet | Found a transporter.
 12144 | Gauntlet | Found a transporter.
 12148 | Gauntlet | Found a transporter.
 12156 | Gauntlet | Found a transporter.
 12160 | Gauntlet | Found a transporter.
 12171 | Gauntlet | Found a transporter.
 12191 | Gauntlet | Found a transporter.
 12203 | Gauntlet | Found a transporter.
 12216 | Gauntlet | Found a transporter.
 12229 | Gauntlet | Found a transporter.
 12428 | Gauntlet | Identified the +2 cloak "Cagofoi" {rElec rCorr}
 12476 | Gauntlet | Noticed a minotaur
 12484 | Gauntlet | Killed a minotaur
 12484 | Gauntlet | Identified the +5 glaive "Qidihesi" {heavy, +Blink Str+2
                  | SInv} (Trog gifted it to you in a Gauntlet)
 12484 | Gauntlet | Received a gift from Trog
 12748 | Lair:4   | Reached XP level 14. HP: 146/146 MP: 13/13
 12923 | Lair:4   | Found a viscous altar of Jiyva.
 12924 | Lair:4   | Found a staircase to the Slime Pits.
 12973 | Lair:4   | Reached skill level 19 in Unarmed Combat
 13405 | Lair:5   | Entered Level 5 of the Lair of Beasts
 14020 | Lair:5   | Identified a scroll of acquirement
 14021 | Lair:5   | Acquired 434 gold pieces
 14083 | Lair:5   | Reached skill level 1 in Armour
 14164 | Lair:5   | Received a gift from Trog
 14174 | Lair:5   | Acquired a manual of Throwing
 15464 | D:13     | Reached XP level 15. HP: 101/158 MP: 14/14
 15526 | D:13     | Found a gate to the Vaults.
 16562 | D:14     | Reached skill level 20 in Unarmed Combat
 16681 | D:14     | Reached skill level 10 in Throwing
 16926 | D:15     | Entered Level 15 of the Dungeon
 17073 | D:12     | Bought a +4 ring of slaying for 1092 gold pieces
 17205 | Spider:1 | Entered Level 1 of the Spider Nest
 17209 | Spider:1 | Noticed Frances
 17222 | Spider:1 | Killed from afar by Frances

Illustrated notes

Levels and vault maps discovered:
D:1:      matt_arrival_debris, layout_loops_ring
D:2:      layout_rooms, kennysheep_generic_room_4
D:3:      minmay_angry_zag, layout_rooms, minmay_joined_circles, uniq_natasha
D:4:      layout_basic, nicolae_hepliaklqana_hazy_memory,
          amcnicky_mini_pool_small
D:5:      due_chaos_kobolds, layout_gridville, nicolae_overflow_hidden_temple,
          mainiacjoe_overflow_brackets, mainiacjoe_overflow_divided_tiny,
          serial_undead, serial_undead_a, serial_undead_e, serial_undead_d,
          serial_undead_d, kennysheep_decorative_pillar
D:6:      layout_basic, minmay_temple_entry_fiery
D:7:      gammafunk_wand_slinger, layout_basic, uniq_maggie
D:8:      layout_basic, marbit_many_paths, minmay_shop_enchanted_jewellery
D:9:      minmay_the_grid_octo_tiled_octocenter [minmay_the_grid_octo_clover_2,
          minmay_the_grid_octo_thin_diamonds, minmay_the_grid_octo_pinwheel,
          minmay_the_grid_octo_shrine, minmay_the_grid_octo_prize_single_spiral,
          minmay_the_grid_square_5x5_three_walls,
          minmay_the_grid_square_5x5_bracketed, minmay_the_grid_square_5x5_meh,
          minmay_the_grid_square_5x5_misaligned], layout_long_grid,
          makhleb_altar_promises_db, uniq_maurice
D:10:     kennysheep_big_flooded_room, layout_gridville, amcnicky_altar_gilded,
          elyvilon_altar_5, orc_david_3, hangedman_decor_clover_reticule,
          uniq_joseph
D:11:     layout_roguey, erik_lair_island, uniq_gastronok, uniq_harold
D:12:     layout_loops_ring, serial_shops, shop, shop,
          nicolae_shop_tiny_waterfront, nicolae_shop_gaudy_bauble, shop,
          argonaut_gorgonesque, uniq_nessos
D:13:     layout_loops_ring, erik_vaults_1, bh_walls_and_bars
D:14:     layout_loops_ring, lemuel_freeze_loot_1
D:15:     gammafunk_enter_depths_forms, layout_irregular_city, uniq_roxanne,
          uniq_azrael
Lair:1:   layout_hall_layers, nicolae_lair_grazing_beasts
          [nicolae_sub_lair_graze_edge, nicolae_sub_lair_graze_edge,
          nicolae_sub_lair_graze_edge, nicolae_sub_lair_graze_edge],
          infiniplex_staircase_pool_2
Lair:2:   layout_roguey, minmay_shoals_entry_lonely_mermaid, grunt_megastairs_1
Lair:3:   gammafunk_boulding_lane, layout_cave_pods,
          hellmonk_spider_entry_not_the_bees, infiniplex_staircase_pool,
          lemuel_fruit_tree
Lair:4:   layout_hall_layers, slime_entry_1, gauntlet_entry_generic,
          serial_bayou_shore_b
Lair:5:   gammafunk_lair_ancient_temple, layout_regular_city
Spider:1: layout_spider_delve, hellmonk_ghost_happy_afterlife, drop_trap,
          spiders_nest_hornet_nest, uniq_frances
Orc:1:    layout_diamond_mine, hellmonk_bongcloud_opening, uniq_snorg,
          uniq_sonja, uniq_nergalle, uniq_erica, uniq_urug

Skill      XL: |  1  2  3  4  5  6  7  8  9 10 11 12 13 14 15 |
---------------+----------------------------------------------+-----
Unarmed Combat | 4 5 7 8 9 12 14 15 16 17 18 19 20 | 20.1
Throwing       | 4 6 8 9 10 | 10.3
Fighting       | 4 6 8 11 12 | 12.7
Evocations     | 3 4 |  4.9
Armour         | 2 4 |  4.0
Dodging        | |  2.4

Action                     |  1- 3 |  4- 6 |  7- 9 | 10-12 | 13-15 || total
---------------------------+-------+-------+-------+-------+-------++-------
  Melee: Unarmed           |    51 |   134 |   295 |   403 |   708 ||  1591
         Punch             |     2 |     5 |    11 |    30 |    20 ||    68
  Throw: Dart              |       |     1 |     2 |    31 |       ||    34
         Large rock        |       |       |       |     2 |     1 ||     3
         Throwing net      |       |       |       |     2 |       ||     2
 Invoke: Berserk           |       |     2 |     7 |    10 |     9 ||    28
  Evoke: Wand              |       |       |       |     4 |    10 ||    14
         Lightning rod     |       |       |       |       |     6 ||     6
         Phantom mirror    |       |       |       |       |     2 ||     2
    Use: Scroll            |       |       |     7 |     9 |    16 ||    32
         Potion            |       |       |       |     2 |     1 ||     3
   Stab: Distracted        |       |       |     1 |       |       ||     1
         Invisible         |       |       |       |     2 |       ||     2
 Armour: Animal skin       |    16 |    51 |    65 |       |       ||   132
         Steam dragon scal |       |       |    40 |    57 |       ||    97
         Acid dragon scale |       |       |       |   115 |   339 ||   454
  Dodge: Dodged            |    34 |    71 |   124 |   167 |   349 ||   745
  Block: Other             |       |       |       |    19 |       ||    19
         Reflection        |       |       |       |     4 |       ||     4
